 Dungeon Crawl Stone Soup version 0.30.1-11-g7821555f0a (webtiles) character file.

Game seed: 18283549843587905861

170 HospitalGownGirl the Sneak (level 5, -2/37 HPs)
             Began as a Human Enchanter on Oct 29, 2023.
             Was a Priest of Cheibriados.
             Killed from afar by an orc wizard (12 damage)
             ... with a puff of flame
             ... on level 4 of the Dungeon.
             The game lasted 00:14:29 (3620 turns).

HospitalGownGirl the Sneak (Human Enchanter)        Turns: 3620, Time: 00:14:30

Health: -2/37      AC:  2    Str: 14    XL:     5   Next: 80%
Magic:  2/8        EV: 13    Int: 27    God:    Cheibriados [***...]
Gold:   228        SH:  0    Dex: 25    Spells: 0/9 levels left

rFire   . . .        o - +0 dagger of Eternity {holy, rElec Int+3}
rCold   . . .        (no shield)
rNeg    . . .        b - +0 robe
rPois   +            (no helmet)
rElec   +            (no cloak)
rCorr   .            (no gloves)
SInv    .            (no boots)
Will    .....        e - amulet of reflection
Stlth   +            n - ring of poison resistance
HPRegen 0.26/turn    l - +6 ring of dexterity
MPRegen 0.11/turn

%: reflection
@: confused, very slow
A: no striking features
a: Renounce Religion, Bend Time, Temporal Distortion


You were on level 4 of the Dungeon.
You worshipped Cheibriados.
Cheibriados was most pleased with you.
You visited 1 branch of the dungeon, and saw 4 of its levels.

You collected 228 gold pieces.

Inventory:

Hand Weapons
 a - a +1 dagger
 o - the +0 dagger of Eternity (weapon) {holy, rElec Int+3}
   (You found it on level 2 of the Dungeon)

   Int:       It affects your intelligence (+3).
   rElec:     It insulates you from electricity.
Missiles
 k - 4 atropa-tipped darts (quivered)
Armour
 b - a +0 robe (worn)
Jewellery
 d - a ring of willpower
 e - an amulet of reflection (around neck)
 l - a +6 ring of dexterity (right hand)
 n - a ring of poison resistance (left hand)
Scrolls
 f - 2 scrolls of teleportation
 h - 2 scrolls of fog
 t - a scroll of brand weapon {unknown}
 w - 2 scrolls of enchant armour {unknown}
 x - a scroll of immolation
 y - a scroll of summoning {unknown}
Potions
 c - 2 potions of invisibility
 g - a potion of heal wounds {unknown}
 i - a potion of might {unknown}
 j - 2 potions of attraction
 m - a potion of curing
 p - a potion of lignification {unknown}
 r - a potion of mutation {unknown}
 s - a potion of brilliance {unknown}
 u - 2 potions of flight


   Skills:
 * Level 1.1 Fighting
 * Level 1.8 Short Blades
 * Level 0.3 Throwing
 * Level 0.7 Armour
 * Level 2.3 Dodging
 * Level 4.1 Stealth
 + Level 0.3 Shields
 * Level 2.5 Spellcasting
 * Level 3.6 Hexes
 * Level 0.2 Summonings
 * Level 0.9 Ice Magic
 * Level 0.2 Invocations


You couldn't memorise any spells.
You knew the following spells:

 Your Spells              Type           Power      Damage    Failure   Level
a - Ensorcelled Hibernat  Hex/Ice        30%        N/A       5%          2
b - Tukima's Dance        Hex            23%        N/A       6%          3
c - Confusing Touch       Hex            23%        N/A       6%          3
d - Summon Small Mammal   Summ           16%        N/A       9%          1

Your spell library contained the following spells:

 Spells                   Type           Power      Damage    Failure   Level
 Apportation              Tloc           6%         N/A       10%         1
 Necrotise                Necr           12%        1d4       10%         1
 Dazzling Flash           Conj/Hex       26%        N/A       13%         3


Dungeon Overview and Level Annotations

Branches:
Dungeon (4/15)             Temple (0/1) D:4

Altars:
Cheibriados
Fedhas
Yredelemnul


Message History

Press: ? - help, Shift-Dir - straight line, f - orc wizard
Aim: an orc wizard, wielding a +0 dagger and wearing a +0 robe (wandering, hasn't noticed you, chance to affect: 55%)
The orc wizard shouts!
The orc wizard resists with significant effort.
You hear a shout!
Casting: Tukima's Dance (dangerous; 6% risk of failure)
Confirm with . or Enter, or press ? or * to list all spells.
Aiming: Tukima's Dance (dangerous; 6% risk of failure)
Press: ? - help, Shift-Dir - straight line, f/p - orc wizard
Aim: an orc wizard, wielding a +0 dagger and wearing a +0 robe (chance to affect: 55%)
The +0 dagger dances into the air!
The orc hits your +0 dagger with a +0 short sword.
Unknown command.
You hit the orc.
The orc is moderately wounded.
The orc hits your +0 dagger with a +0 short sword.
Your +0 dagger falls from the air.
The orc attacks as you move away! The orc closely misses you.
You barely miss the orc.
The orc is moderately wounded.
The orc wizard hits you. The orc closely misses you.
You closely miss the orc.
The orc is moderately wounded.
The orc hits you but does no damage. The orc wizard casts a spell at you.
You are confused.
You hit the orc but do no damage.
The orc is moderately wounded.
The orc priest calls down the wrath of Beogh upon you.
Beogh smites you!
* * * LOW HITPOINT WARNING * * *
The orc barely misses you. The orc wizard closely misses you.
You hit the orc but do no damage.
The orc is moderately wounded.
The orc priest casts a cantrip, but nothing happens.
The orc hits you.
* * * LOW HITPOINT WARNING * * *
The orc wizard points at you and mumbles some strange words.
The puff of flame hits you!
You die...

### # ..# #.
#[####### ..
#.. #.##....#
#..
###...#@##....#
..
.oo..ooo.>....#
#
###...#.#..[..#
# #...#.#.....#
# #...#.#.....#
# #....)......#
# #...#.#.#####
# #####
#..<#'#+## #
##...#
#.#......#


You could see an orc priest, an orc wizard and 3 orcs.

Vanquished Creatures
  Ijyb (D:4)
  5 adders
  A worm (D:2)
  2 dart slugs
  7 bats
  4 endoplasms
  3 giant cockroaches
  13 goblins
  5 hobgoblins
  7 jackals
  5 quokkas
  5 ball pythons
  5 frilled lizards
  2 kobolds
  9 rats
74 creatures vanquished.

Vanquished Creatures (collateral kills)
  A bat (D:2)
  7 goblins (D:4)
  A hobgoblin (D:4)
  2 kobolds
11 creatures vanquished.

Vanquished Creatures (others)
  3 dancing weapons
3 creatures vanquished.

Grand Total: 88 creatures vanquished

Notes
Turn   | Place    | Note
-------+----------+-------------------------------------------
     0 | D:1      | HospitalGownGirl the Human Enchanter began the quest for
                  | the Orb.
     0 | D:1      | Reached XP level 1. HP: 13/13 MP: 3/3
   144 | D:1      | Reached XP level 2. HP: 12/19 MP: 5/5
   150 | D:1      | Learned a level 2 spell: Ensorcelled Hibernation
   511 | D:2      | Reached XP level 3. HP: 24/24 MP: 4/6
   515 | D:2      | Learned a level 3 spell: Tukima's Dance
   564 | D:3      | Found a faded altar of an unknown god.
   746 | D:3      | Found a snail-covered altar of Cheibriados.
   796 | D:3      | Became a worshipper of Cheibriados the Contemplative
  1103 | D:3      | Reached XP level 4. HP: 29/31 MP: 0/7
  1452 | D:2      | Found a basalt altar of Yredelemnul.
  1464 | D:2      | Identified the +0 dagger of Eternity {holy, rElec Int+3}
  1567 | D:2      | Reached * piety under Cheibriados
  1989 | D:1      | Reached XP level 5. HP: 35/36 MP: 1/8
  2056 | D:1      | Learned a level 3 spell: Confusing Touch
  2281 | D:1      | Reached ** piety under Cheibriados
  2787 | D:4      | Learned a level 1 spell: Summon Small Mammal
  2864 | D:4      | Found a blossoming altar of Fedhas.
  2897 | D:4      | Reached skill level 4 in Stealth
  2997 | D:4      | Reached skill level 1 in Fighting
  3142 | D:4      | Noticed Ijyb
  3184 | D:4      | Killed Ijyb
  3303 | D:4      | Reached *** piety under Cheibriados
  3472 | D:4      | Found a staircase to the Ecumenical Temple.
  3620 | D:4      | Killed from afar by an orc wizard

Illustrated notes

Levels and vault maps discovered:
D:1:      eino_arrival_water_star, layout_loops_cross, minmay_misc_feat_alley,
          minmay_nonomino_d4
D:2:      layout_basic, basic_altar
D:3:      layout_basic, mainiacjoe_overflow_alcove_1,
          hellmonk_ecumenical_altar_lost_god
D:4:      kennysheep_goblin_castle, layout_basic,
          nicolae_hepliaklqana_monster_ancestors,
          mainiacjoe_overflow_cross_hatched, mainiacjoe_overflow_boulevard,
          minmay_temple_entry_overgrown, minmay_goblin_outpost

Skill      XL: |  1  2  3  4  5 |
---------------+----------------+-----
Stealth        | 4 |  4.1
Fighting       | 1 |  1.1
Short Blades   | |  1.8
Throwing       | |  0.3
Armour         | |  0.7
Dodging        | |  2.3
Shields        | |  0.3
Spellcasting   | |  2.5
Hexes          | |  3.6
Summonings     | |  0.2
Ice Magic      | |  0.9
Invocations    | |  0.2

Action                     |  1- 3 |  4- 6 || total
---------------------------+-------+-------++-------
  Melee: Dagger            |    81 |   136 ||   217
         Punch             |     1 |       ||     1
   Cast: Ensorcelled Hiber |    12 |    20 ||    32
         Tukima's Dance    |     1 |    17 ||    18
         Confusing Touch   |       |     2 ||     2
    Use: Potion            |     1 |     2 ||     3
         Scroll            |     2 |     6 ||     8
   Stab: Sleeping          |    13 |    26 ||    39
 Armour: Robe              |    25 |    32 ||    57
  Dodge: Dodged            |    61 |   129 ||   190
  Block: Other             |       |    30 ||    30
         Reflection        |       |     1 ||     1
